 Dungeon Crawl Stone Soup version 0.29-a0-284-gf9362112df (webtiles) character file.

Game seed: 15910823171691014753

71 ooooo the Conjurer (level 4, -9/27 HPs)
             Began as an Octopode Conjurer on Mar 14, 2022.
             Mangled by an ogre
             ... wielding a +0 giant spiked club
              (29 damage)
             ... on level 3 of the Dungeon.
             The game lasted 00:04:34 (3605 turns).

ooooo the Conjurer (Octopode Conjurer)              Turns: 3605, Time: 00:04:34

Health: -9/27      AC:  1    Str:  6    XL:     4   Next: 24%
Magic:  7/7        EV: 13    Int: 22    God:
Gold:   64         SH:  0    Dex: 10    Spells: 2/7 levels left

rFire   . . .      SeeInvis .   d - staff of earth
rCold   . . .      Faith    .   (no shield)
rNeg    . . .      Spirit   .   (helmet restricted)
rPois   .          Reflect  .   (no amulet)
rElec   .          Harm     .   (no ring)
rCorr   .          Rampage  .   (no ring)
Will    .....                   (no ring)
Stlth   +++.......              (no ring)
HPRegen 0.09/turn               (no ring)
MPRegen 0.10/turn               (no ring)
                                (no ring)
                                (no ring)

@: no status effects
A: almost no armour, amphibious, 8 rings, camouflage 1, gelatinous body 1,
(nimble swimmer 1), tentacles
a: no special abilities


You were on level 3 of the Dungeon.
You visited 1 branch of the dungeon, and saw 3 of its levels.

You collected 64 gold pieces.

Inventory:

Hand Weapons
 g - a +0 short sword
Magical Staves
 d - a staff of earth (weapon)
Scrolls
 c - a scroll of identify
Potions
 a - a potion of magic
 e - a potion of ambrosia
 f - 2 potions of attraction
 i - a potion of might {unknown}


   Skills:
 - Level 0.2 Fighting
 - Level 0.3 Staves
 - Level 2.0 Dodging
 - Level 2.6 Stealth
 - Level 0.2 Unarmed Combat
 + Level 2.0 Spellcasting
 + Level 5.4 Conjurations
 + Level 0.2 Hexes


You had 2 spell levels left.
You knew the following spells:

 Your Spells              Type           Power      Damage    Failure   Level
a - Magic Dart            Conj           100%       1d8       1%          1
b - Fulminant Prism       Conj/Hex       7%         3d7       38%         4

Your spell library contained the following spells:

 Spells                   Type           Power      Damage    Failure   Level
 Searing Ray              Conj           52%        2d6       2%          2
 Dazzling Flash           Conj/Hex       28%        N/A       13%         3
 Portal Projectile        Hex/Tloc       4%         N/A       36%         3
 Call Canine Familiar     Summ           2%         N/A       38%         3
 Iskenderun's Mystic Bla  Conj/Tloc      14%        2d5       41%         4
 Leda's Liquefaction      Hex/Erth       2%         N/A       78%         4


Dungeon Overview and Level Annotations

Branches:
Dungeon (3/15)

Altars:

Shops:
D:1 [=(


Innate Abilities, Weirdness & Mutations

You cannot wear most types of armour.
You are amphibious.
You can wear up to eight rings at the same time.
Your skin changes colour to match your surroundings (Stealth+).
Your rubbery body absorbs attacks. (AC +1, EV +1)
((You are camouflaged when in or above water. (Stealth+)))
You have tentacles for arms and can constrict up to eight enemies at once.


Message History

You kill the kobold!
Things that are here:
a +0 short sword; a kobold corpse You start resting.
You start resting.
HP restored.
You start waiting.
Done waiting.
There is a stone staircase leading down here.
You climb downwards.
The orc closely misses you.
There is a stone staircase leading up here.
The orc barely misses you.
You climb upwards.
There is a stone staircase leading down here.
You hit the orc. You grab the orc.
The orc is moderately wounded.
You constrict the orc. The orc barely misses you.
You hit the orc.
The orc is almost dead.
You constrict the orc.
You kill the orc!
No target in view!
You climb downwards.
The ogre barely misses you.
There is a stone staircase leading up here.
The orc wizard hits you with a +0 dagger.
The ogre attacks as you move away! The ogre closely misses you.
The orc wizard barely misses you.
The orc wizard hits you with a +0 dagger.
The orc wizard attacks as you move away!
The orc wizard misses you.
The orc wizard gestures wildly while chanting.
The orc wizard flickers and vanishes!
Deactivating autopickup; reactivate with Ctrl-A.
A hobgoblin comes into view. It is wielding a +0 whip.
The hobgoblin shouts!
You hit the hobgoblin. You grab the hobgoblin. You squeeze the hobgoblin.
You kill the hobgoblin!
The ogre hits you with a +0 giant spiked club!!
Ouch! That really hurt!
You die...

#..####.#
##########..####.
...............(...
##.###.##..####.##
#.##...#..# #
#.<...{...# #.
#.##.O.#.##
#.#####.###.##O#
#...........##@###
.####...#.......)..#
...........#####.#.#
#.##...#.## #.#.#
#........# #.#o#
#..##.##.## #.#{#
#.. #.#...#####.#.#
# #...#.......#.#
###...#######.#


You could see an ogre.

Vanquished Creatures
  3 adders (D:2)
  A worm (D:2)
  2 dart slugs
  3 orcs
  3 ball pythons (D:1)
  An endoplasm (D:2)
  4 giant cockroaches
  4 hobgoblins
  4 kobolds
  2 quokkas
  A frilled lizard (D:1)
  3 goblins (D:2)
  3 rats
34 creatures vanquished.

Notes
Turn   | Place    | Note
-------+----------+-------------------------------------------
     0 | D:1      | ooooo the Octopode Conjurer began the quest for the Orb.
     0 | D:1      | Reached XP level 1. HP: 11/11 MP: 3/3
   581 | D:1      | Found Jenuucow's Weapon Boutique.
   608 | D:1      | Reached XP level 2. HP: 5/17 MP: 1/5
   865 | D:1      | Found Quhaergh's Jewellery Shoppe.
   911 | D:1      | Found a faded altar of an unknown god.
  1327 | D:1      | Found Monkuy's Armour Emporium.
  1641 | D:2      | Reached XP level 3. HP: 10/21 MP: 3/6
  1872 | D:2      | Reached skill level 5 in Conjurations
  2412 | D:2      | Noticed an ogre
  2600 | D:2      | Reached XP level 4. HP: 19/27 MP: 7/7
  2723 | D:2      | Learned a level 4 spell: Fulminant Prism
  3605 | D:3      | Mangled by an ogre

Illustrated notes

Levels and vault maps discovered:
D:1:      sevenhm_arrival_forest_fort_large_4, layout_basic, serial_shops, shop,
          nicolae_shop_trees, shop, hellmonk_ecumenical_altar_zigzags
D:2:      layout_basic
D:3:      layout_loops_ring, serial_shops, shop, uniq_ijyb, uniq_sigmund,
          uniq_jessica

Skill      XL: |  1  2  3 |
---------------+----------+-----
Conjurations   | 5 |  5.4
Fighting       | |  0.2
Staves         | |  0.3
Dodging        | |  2.0
Stealth        | |  2.6
Unarmed Combat | |  0.2
Spellcasting   | |  2.0
Hexes          | |  0.2

Action                   |  1- 3 |  4- 6 || total
-------------------------+-------+-------++-------
Melee: Unarmed           |    14 |       ||    14
       Constrict         |    16 |     7 ||    23
       Tentacles         |    20 |     2 ||    22
       Staff             |    46 |    17 ||    63
       Punch             |     3 |       ||     3
 Cast: Magic Dart        |    11 |       ||    11
  Use: Scroll            |     3 |     3 ||     6
 Stab: Sleeping          |     7 |       ||     7
Armor: Skin              |     2 |     1 ||     3
Dodge: Dodged            |    37 |    13 ||    50

Table legend: (Time is in decaauts)
 A = Elapsed time spent in this place.
 B = Non-inter-level travel time spent in this place.
 C = Inter-level travel time spent in this place.
 D = Time resting spent in this place.
 E = Time spent auto-exploring this place.
 F = Levels seen in this place.
 G = Mean time per level.
                   A        B        C        D        E       F      G
               +--------+--------+--------+--------+--------+-----+--------+
         Total |   3618 |   3571 |     47 |    516 |   2666 |   3 | 1206.0 |
       Dungeon |   3618 |   3571 |     47 |    516 |   2666 |   3 | 1206.0 |
               +--------+--------+--------+--------+--------+-----+--------+

Top non-repeatable levels by time:
     D:2: 1993 daAuts
     D:1: 1527 daAuts
     D:3: 97 daAuts
